 Dungeon Crawl Stone Soup version 0.28.0-62-gf88900778d (webtiles) character file.

Game seed: 16689377186439416456

51966 cbfl8 the Severer (level 14, 0/126 HPs)
             Began as a Minotaur Berserker on June 26, 2023.
             Was a High Priest of Trog.
             Incinerated by a deep elf pyromancer (4 damage)
             ... with a sticky flame
             ... while petrified by a basilisk
             ... on level 15 of the Dungeon.
             The game lasted 00:22:09 (19397 turns).

cbfl8 the Severer (Minotaur Berserker)             Turns: 19397, Time: 00:22:09

Health: 0/126      AC: 24    Str: 23    XL:     14   Next: 25%
Magic:  13/13      EV:  2    Int:  4    God:    Trog [*****.]
Gold:   1262       SH:  0    Dex: 20    Spells: 13/13 levels left

rFire   . . .      SeeInvis +   a - +0 broad axe (vamp)
rCold   + . .      Faith    .   D - +0 kite shield
rNeg    + + +      Spirit   .   r - +2 plate armour {rPois}
rPois   ∞          Reflect  .   o - +2 hat
rElec   +          Harm     .   v - scarf {+Inv}
rCorr   .          Rampage  .   w - +0 pair of gloves
Will    +....                   G - +2 pair of boots
Stlth   ..........              u - amulet of the acrobat
HPRegen 0.31/turn               m - +6 ring of dexterity
MPRegen 0.13/turn               d - ring "Siesmow" {rElec rPois rC+ SInv}

@: on fire, petrified, on berserk cooldown, slowed, glowing
A: horns 2, retaliatory headbutt
a: Renounce Religion, Evoke Invisibility, Berserk, Trog's Hand, Brothers in Arms


You were on level 15 of the Dungeon.
You worshipped Trog.
Trog was extremely pleased with you.
You visited 1 branch of the dungeon, and saw 15 of its levels.
You also visited: Ossuary.

You collected 1310 gold pieces.
You spent 48 gold pieces at shops.

Inventory:

Hand Weapons
 a - a +0 vampiric broad axe (weapon)
 M - a +2 broad axe of flaming
Missiles
 j - 3 throwing nets (quivered)
Armour
 o - a +2 hat (worn)
 r - a +2 plate armour of poison resistance (worn)
 v - a scarf of invisibility (worn)
 w - a +0 pair of gloves (worn)
 D - a +0 kite shield (worn)
 G - a +2 pair of boots (worn)
Jewellery
 d - the ring "Siesmow" (right hand) {rElec rPois rC+ SInv}
   (You acquired it on level 2 of the Dungeon)

   [ring of protection from cold]

   rC:        It protects you from cold.
   rElec:     It insulates you from electricity.
   rPois:     It protects you from poison.
   SInv:      It lets you see invisible.
 m - a +6 ring of dexterity (left hand)
 u - an amulet of the acrobat (around neck)
 L - a ring of flight
Wands
 b - a wand of flame (15)
 I - a wand of mindburst (8)
 J - a wand of polymorph (9)
 K - a wand of iceblast (13)
Scrolls
 e - 7 scrolls of teleportation
 f - a scroll of summoning
 p - 3 scrolls of blinking
 t - 3 scrolls of fog
 y - 4 scrolls of silence
 A - 2 scrolls of enchant weapon {unknown}
 E - 2 scrolls of fear {unknown}
 F - 3 scrolls of magic mapping
Potions
 c - 13 potions of curing
 g - 4 potions of attraction {unknown}
 h - 3 potions of degeneration {unknown}
 i - 5 potions of lignification {unknown}
 k - 3 potions of mutation {unknown}
 l - a potion of heal wounds {unknown}
 n - 5 potions of haste {unknown}
 q - 2 potions of ambrosia {unknown}
 s - 4 potions of berserk rage {unknown}
 x - 3 potions of resistance {unknown}
 z - 4 potions of might
 B - 4 potions of brilliance {unknown}
 C - a potion of flight {unknown}


   Skills:
 + Level 12.1 Fighting
 + Level 17.4 Axes
 + Level 11.4 Armour
 * Level 7.9 Dodging
 * Level 5.8 Stealth
 + Level 10.8 Shields
 + Level 8.6 Evocations


You had 13 spell levels left.
You didn't know any spells.
Your spell library was empty.

Dungeon Overview and Level Annotations

Branches:
Dungeon (15/15)            Temple (0/1) D:7            Lair (0/6) D:11
    Orc (0/2) D:9          Depths (0/4) D:15        Ossuary (visited)
 Vaults: D:13-14

Altars:
Ashenzari
Dithmenos
Makhleb
Nemelex Xobeh
Okawaru

Shops:
D:2 *   D:8 !


Innate Abilities, Weirdness & Mutations

You have a pair of horns on your head.
You reflexively headbutt those who attack you in melee.


Message History

The ettin hits you with a +0 dire flail!!
The ettin hits you with a +0 dire flail!
The fire elemental hits you. The fire elemental burns you!
The deep elf pyromancer gestures wildly while chanting.
The deep elf pyromancer blinks!
The deep elf pyromancer hits you with a +0 long sword.
The ettin hits you but does no damage.
The ettin hits you with a +0 dire flail.
The fire elemental hits you. The fire elemental burns you!
The deep elf pyromancer hits you but does no damage.
The ettin hits you with a +0 dire flail!
The ettin hits you with a +0 dire flail!!
* * * LOW HITPOINT WARNING * * *
The fire elemental hits you.
The deep elf pyromancer casts a spell.
The deep elf pyromancer blinks!
The fire elemental hits you. The fire elemental burns you!
* * * LOW HITPOINT WARNING * * *
The deep elf pyromancer hits you but does no damage.
The ettin completely misses you. The ettin hits you but does no damage.
The fire elemental hits you. The fire elemental burns you!
* * * LOW HITPOINT WARNING * * *
The deep elf pyromancer hits you but does no damage.
The ettin hits you with a +0 dire flail!
* * * LOW HITPOINT WARNING * * *
The ettin barely misses you.
You are no longer berserk.
You feel yourself slow down. The fire elemental hits you.
The fire elemental burns you!
* * * LOW HITPOINT WARNING * * *
The deep elf pyromancer gestures at you while chanting.
The sticky flame hits you but does no damage.
You are covered in liquid flames!
The ettin hits you with a +0 dire flail!!
* * * LOW HITPOINT WARNING * * *
The ettin hits you but does no damage. The fire elemental hits you.
The fire elemental burns you!
* * * LOW HITPOINT WARNING * * *
You are covered in liquid flames!
You die...

⌠P≈# #............. ..≈#
######........ ≈≈≈#
###.####......# ######+#+## #+#
##.....##..#...# .####.#.#.#
..###...#..##.....##
...#......#.e##.#'#.#.#..#.#.#..#
..#)#.##..#$.°○..#...#..##.....##
...#...#..#/..##Ee#.....##..#..##
..#)#..##.#!..eC@##.#†#.##.......
...#......##?)[)..##+#)###.#.#..#
#.########'########.#.#.##.......
+## ##).)...#...)..##..#.##.
#..#..#'#...#.##.......
#.#)#..#.......#.#.#...
#..#..#+#.#...##......#
#......#......##..#...#
#.#.#.#####.####.....##


You could see an ettin, 2 deep elf pyromancers and a fire elemental (summoned).

Vanquished Creatures
  A fire dragon (D:15)
  5 boulder beetles
  6 hydras
  Erolcha (D:10)
  A catoblepas (D:15)
  14 centaur warriors
  6 two-headed ogres
  2 tengu warriors
  3 skeletal warriors (D:15)
  A lindwurm (shapeshifter) (D:11)
  4 harpies (D:15)
  2 deep elf pyromancers
  Pikel (D:9)
  12 ugly things
  6 manticores
  4 cyclopes
  2 orange demons (D:12)
  4 unseen horrors
  3 gargoyles
  A freezing wraith (D:14)
  A tengu conjurer (D:13)
  3 meliai
  A hornet (D:8)
  2 trolls
  11 slime creatures
  Prince Ribbit (D:7)
  A shadow (D:9)
  A wraith (D:12)
  A wyvern (D:11)
  17 yaks
  A vampire mosquito (D:15)
  A basilisk (D:15)
  2 water moccasins
  Edmund (D:6)
  Menkaure (D:5)
  An acid dragon (D:11)
  5 orc warriors
  2 ice beasts
  An ogre (D:4)
  20 centaurs
  A phantom (D:5)
  A kobold brigand (D:7)
  3 bullfrogs
  A gnoll sergeant (D:6)
  A wyvern zombie (D:7)
  9 scorpions
  6 killer bees
  10 wights
  2 electric eels (D:9)
  8 howler monkeys
  A bullfrog zombie (D:6)
  3 centaur zombies
  3 hounds
  4 jellies
  7 orc priests
  Crazy Yiuf (D:7)
  A centaur skeleton (D:7)
  3 bullfrog skeletons
  2 iguanas (D:5)
  10 orc wizards
  8 mummies (Ossuary)
  2 hound skeletons (D:4)
  2 howler monkey zombies
  3 gnolls (D:6)
  9 adders
  A white imp (D:5)
  An ufetubus (D:4)
  4 worms
  7 dart slugs
  47 orcs
  7 ball pythons
  5 endoplasms
  7 giant cockroaches
  8 goblins
  6 hobgoblins
  4 jackals (D:1)
  3 quokkas
  6 bats
  5 frilled lizards
  A gnoll zombie (Ossuary)
  A goblin zombie (D:6)
  3 hobgoblin zombies (Ossuary)
  11 kobolds
  2 kobold zombies (Ossuary)
  2 orc zombies (Ossuary)
  11 rats
  A rat zombie (D:6)
397 creatures vanquished.

Vanquished Creatures (collateral kills)
  A freezing wraith (D:15)
  A meliai (D:15)
2 creatures vanquished.

Vanquished Creatures (others)
  4 fungi (D:7)
  31 plants
35 creatures vanquished.

Grand Total: 434 creatures vanquished

Notes
Turn   | Place    | Note
-------+----------+-------------------------------------------
     0 | D:1      | cbfl8 the Minotaur Berserker began the quest for the Orb.
     0 | D:1      | Reached XP level 1. HP: 19/19 MP: 0/0
   146 | D:1      | Reached skill level 4 in Axes
   146 | D:1      | Reached XP level 2. HP: 20/27 MP: 1/1
   371 | D:1      | Found a faded altar of an unknown god.
   401 | D:1      | Reached XP level 3. HP: 33/33 MP: 2/2
   427 | D:1      | Reached ** piety under Trog
   826 | D:2      | Found Lanelipe's Assorted Antiques.
   895 | D:2      | Reached skill level 1 in Evocations
  1036 | D:2      | Reached XP level 4. HP: 39/40 MP: 3/3
  1411 | D:2      | Identified a scroll of acquirement
  1413 | D:2      | Acquired the ring "Siesmow" {rElec rPois rC+ SInv}
  1548 | D:3      | Reached skill level 5 in Axes
  1997 | D:3      | Reached XP level 5. HP: 46/47 MP: 4/4
  2798 | D:4      | Reached *** piety under Trog
  2798 | D:4      | Noticed an ogre
  2812 | D:4      | Killed an ogre
  2813 | D:4      | Reached skill level 6 in Axes
  2813 | D:4      | Reached XP level 6. HP: 47/53 MP: 5/5
  2829 | D:5      | Entered Level 5 of the Dungeon
  3377 | D:4      | Reached skill level 5 in Fighting
  3637 | D:4      | Found a sparkling altar of Nemelex Xobeh.
  3646 | D:4      | Found an iron altar of Okawaru.
  3827 | D:5      | Reached XP level 7. HP: 58/61 MP: 6/6
  3927 | D:5      | Noticed Menkaure
  3934 | D:5      | Reached skill level 7 in Axes
  3937 | D:5      | Killed Menkaure
  3938 | D:5      | Reached skill level 1 in Stealth
  4365 | D:5      | Reached skill level 8 in Axes
  4365 | D:5      | Reached XP level 8. HP: 67/69 MP: 7/7
  5166 | D:6      | Reached skill level 5 in Armour
  5246 | D:6      | Reached **** piety under Trog
  5330 | D:6      | Reached skill level 9 in Axes
  5413 | D:6      | Found a sand-covered staircase.
  5446 | Ossuary  | Entered an ossuary
  5795 | D:6      | Noticed Edmund
  5813 | D:6      | Killed Edmund
  6766 | D:7      | Reached XP level 9. HP: 70/77 MP: 8/8
  6799 | D:7      | Noticed Prince Ribbit
  6809 | D:7      | Killed Prince Ribbit
  6810 | D:7      | Reached skill level 10 in Axes
  7138 | D:7      | Reached skill level 1 in Shields
  7316 | D:7      | Found a staircase to the Ecumenical Temple.
  7352 | D:7      | Reached ***** piety under Trog
  8074 | D:7      | Found a runed translucent door.
  8075 | D:7      | Noticed Crazy Yiuf
  8081 | D:7      | Killed Crazy Yiuf
  8165 | D:8      | Paralysed by a hornet for 2 turns
  8169 | D:8      | Reached skill level 5 in Evocations
  8572 | D:8      | Reached skill level 11 in Axes
  8810 | D:8      | Found Sehoxouss's Distillery.
  8813 | D:8      | Bought a potion of might for 48 gold pieces
  9343 | D:9      | Reached XP level 10. HP: 55/86 MP: 9/9
 10144 | D:9      | Found a staircase to the Orcish Mines.
 10281 | D:9      | Reached skill level 12 in Axes
 10301 | D:9      | Noticed Pikel
 10312 | D:9      | Killed Pikel
 10679 | D:9      | Noticed a purple ugly thing
 10692 | D:9      | Killed a purple ugly thing
 11110 | D:10     | Entered Level 10 of the Dungeon
 11111 | D:10     | Acquired a +0 vampiric broad axe
 11286 | D:10     | Reached skill level 5 in Shields
 11482 | D:10     | Noticed a two-headed ogre
 11483 | D:10     | Noticed Erolcha
 11492 | D:10     | Reached skill level 13 in Axes
 11496 | D:10     | Killed a two-headed ogre
 11497 | D:10     | Reached XP level 11. HP: 95/95 MP: 10/10
 11498 | D:10     | Killed Erolcha
 12046 | D:11     | Noticed a centaur warrior
 12055 | D:11     | Killed a centaur warrior
 12153 | D:11     | Noticed a lindwurm
 12166 | D:11     | Killed a lindwurm
 12609 | D:11     | Noticed a two-headed ogre
 12620 | D:11     | Killed a two-headed ogre
 13262 | D:11     | Found a staircase to the Lair.
 13504 | D:12     | Reached skill level 14 in Axes
 13809 | D:12     | Noticed a brown ugly thing
 13819 | D:12     | Killed a brown ugly thing
 13882 | D:12     | Noticed a two-headed ogre
 13892 | D:12     | Killed a two-headed ogre
 13979 | D:12     | Reached XP level 12. HP: 106/106 MP: 11/11
 14216 | D:12     | Noticed a centaur warrior
 14227 | D:12     | Killed a centaur warrior
 14441 | D:12     | Noticed a five-headed hydra
 14448 | D:12     | Killed a ten-headed hydra
 14449 | D:12     | Reached skill level 10 in Fighting
 14449 | D:12     | Reached skill level 10 in Armour
 14604 | D:12     | Reached skill level 15 in Axes
 14831 | D:12     | Noticed a two-headed ogre
 14839 | D:12     | Killed a two-headed ogre
 15180 | D:13     | Noticed a centaur warrior
 15182 | D:13     | Noticed a centaur warrior
 15187 | D:13     | Killed a centaur warrior
 15188 | D:13     | Noticed a centaur warrior
 15197 | D:13     | Killed a centaur warrior
 15205 | D:13     | Killed a centaur warrior
 15255 | D:13     | Noticed a centaur warrior
 15267 | D:13     | Killed a centaur warrior
 15309 | D:13     | Noticed a five-headed hydra
 15314 | D:13     | Killed a nine-headed hydra
 15381 | D:13     | Noticed a two-headed ogre
 15392 | D:13     | Killed a two-headed ogre
 15561 | D:13     | Noticed a two-headed ogre
 15571 | D:13     | Noticed a centaur warrior
 15574 | D:13     | Killed a centaur warrior
 15575 | D:13     | Reached skill level 5 in Dodging
 15580 | D:13     | Killed a two-headed ogre
 15646 | D:13     | Noticed a tengu warrior
 15658 | D:13     | Killed a tengu warrior
 15922 | D:13     | Noticed a centaur warrior
 15938 | D:13     | Killed a centaur warrior
 15949 | D:13     | Reached XP level 13. HP: 115/115 MP: 12/12
 16173 | D:13     | Reached skill level 16 in Axes
 16869 | D:14     | Found a broken altar of Ashenzari.
 17357 | D:14     | Identified the +6 hand axe "Jellybane" {venom, Dex+4}
 17417 | D:15     | Entered Level 15 of the Dungeon
 17814 | D:15     | Received a gift from Trog
 17817 | D:15     | Reached skill level 10 in Shields
 17827 | D:15     | Reached skill level 5 in Stealth
 17959 | D:15     | Reached skill level 17 in Axes
 18029 | D:15     | Noticed a fire dragon
 18041 | D:15     | Killed a fire dragon
 18510 | D:15     | Found a staircase to the Depths.
 18604 | D:15     | Found a burning altar of Makhleb.
 18604 | D:15     | Found a broken altar of Ashenzari.
 18605 | D:15     | Found a shadowy altar of Dithmenos.
 18703 | D:15     | Reached XP level 14. HP: 110/125 MP: 13/13
 19396 | D:15     | HP: 4/126 [fire elemental[a deep elf pyromancer] (4)]
 19397 | D:15     | Incinerated by a deep elf pyromancer

Illustrated notes

Levels and vault maps discovered:
D:1:      saegor_arrival_under_anarchy, layout_rooms,
          ebering_ecumenical_altar_abandoned, minmay_heptomino_h4
D:2:      layout_rooms, serial_shops, shop, minmay_tall_x
D:3:      layout_basic, grunt_ministairs_6, minmay_misc_feat_hallway,
          minmay_misc_feat_plants, kennysheep_decorative_pillar
D:4:      layout_cave_pools, mainiacjoe_overflow_swirl
D:5:      layout_layer_cave, minmay_misc_feat_roman, minivault_5, minivault_11,
          uniq_menkaure
D:6:      layout_basic, enter_ossuary_4, uniq_edmund
D:7:      layout_basic, minmay_temple_entry_wispy, uniq_crazy_yiuf_cottage,
          uniq_prince_ribbit1
D:8:      layout_basic, serial_shops, kennysheep_mini_moat
D:9:      layout_basic, david_orc_2, serial_bayou, serial_bayou_pond_e,
          serial_bayou_pond_d, serial_bayou_lagoon_a, serial_bayou_shore_b,
          serial_bayou_crossing, uniq_pikel
D:10:     layout_basic, uniq_erolcha
D:11:     layout_long_grid, lair_entry_dummy
D:12:     layout_stronghold, einodemon_barbed_minivault
D:13:     layout_stronghold
D:14:     layout_roguey, grunt_vaults_entry_fortified,
          nicolae_ashenzari_panopticon, minmay_starry_boxes
D:15:     hangedman_slaughterboxes

Skill      XL: |  1  2  3  4  5  6  7  8  9 10 11 12 13 14 |
---------------+-------------------------------------------+-----
Axes           | 4 5 6 8 9 11 13 14 15 17 | 17.4
Fighting       | 4 5 6 7 8 9 10 11 12 | 12.1
Evocations     | 1 2 3 4 5 7 8 |  8.6
Armour         | 3 4 6 7 8 9 10 11 | 11.4
Dodging        | 3 5 7 |  7.9
Stealth        | 1 3 5 |  5.8
Shields        | 3 5 7 9 10 | 10.8

Action                   |  1- 3 |  4- 6 |  7- 9 | 10-12 | 13-15 || total
-------------------------+-------+-------+-------+-------+-------++-------
Melee: Hand axe          |    91 |   143 |   367 |       |       ||   601
       Headbutt          |    13 |    23 |    88 |   115 |   124 ||   363
       Punch             |     3 |     2 |     2 |       |       ||     7
       War axe           |       |       |     7 |   127 |       ||   134
       Broad axe         |       |       |       |   317 |   393 ||   710
Invok: Berserk           |       |     1 |     3 |    10 |     6 ||    20
  Use: Scroll            |       |     5 |     3 |     3 |     3 ||    14
 Stab: Sleeping          |     2 |     2 |       |       |       ||     4
       Petrified         |       |       |       |       |     3 ||     3
Armor: Animal skin       |    19 |     9 |       |       |       ||    28
       Scale mail        |       |    20 |       |       |       ||    20
       Chain mail        |       |    29 |    55 |       |       ||    84
       Plate armour      |       |       |   105 |   327 |   262 ||   694
Dodge: Dodged            |    52 |    81 |   148 |   214 |   179 ||   674
Block: Kite shield       |       |       |    90 |   325 |   286 ||   701
